Map: Orbital Shipyard

Players

Salo - Winner!

  • Race: Zerg Zerg
  • League: Bronze

Grumm

  • Race: Terran Terran
  • League: Gold

VOD

Have the link to the VOD?

Description

Time

  • Played on: Jan. 21, 2016, 8:32 p.m.
  • Length: 4:00
Show
View Real Time Build Order
Export as new Build Order

Salo Zerg - Winner!

Build Orders: Pool First 

Get SALT Encoding   

  12  0:01  Drone  
  13  0:07  Drone  
  14  0:17  Overlord  
  14  0:35  Spawning Pool  
  13  0:37  Extractor  
  13  0:39  Drone  
  13  0:43  Drone  
  13  0:47  Drone  
  15  0:52  Drone  
  16  1:03  Drone  
  17  1:12  Overlord  
  17  1:21  Queen  
  17  1:23  Drone  
  20  1:47  Hatchery  
  19  1:50  Metabolic Boost  
  19  1:54  Zergling x2  
  19  1:58  Drone  
  21  2:07  Queen  
  23  2:10  Drone  
  24  2:16  Overlord  
  24  2:27  Drone  
  24  2:28  Drone  
  26  2:46  Queen  
  26  2:48  Drone x3  
  31  3:06  Queen  
  31  3:09  Overlord  
  31  3:10  Overlord  
  33  3:21  Zergling x4  
  33  3:22  Zergling x8  
  39  3:32  Zergling x2  
  39  3:33  Zergling x6  
Show
View Real Time Build Order
Export as new Build Order

Grumm Terran 

Build Orders: Command Center First (CC) 

Get SALT Encoding   

  12  0:01  SCV  
  13  0:17  Supply Depot  
  13  0:18  SCV  
  14  0:52  Engineering Bay, SCV  
  14  0:55  Refinery  
  15  1:01  Supply Depot  
  15  1:07  SCV  
  15  1:08  Refinery  
  16  1:40  Command Center  
  16  2:00  Barracks  
  16  2:18  Hi-Sec Auto Tracking  
  16  2:21  SCV  
  17  2:37  SCV  
  18  2:48  Marine  
  18  3:30  Marine  
  19  3:39  SCV  
Tags
 
Add a new tag
Caveats
  • Supply blocks, unpowered buildings, or Contaminate may cause inaccurate times.
  • Supply counts are checked every 10 seconds.